 Dungeon Crawl Stone Soup version 0.20.1-1-g8b1a95d (webtiles) character file.

1083 equalderp2856 the Chopper (level 8, -3/69 HPs)
             Began as a Minotaur Fighter on July 26, 2017.
             Slain by a sky beast (6 damage)
             ... on level 5 of the Dungeon.
             The game lasted 00:12:12 (4392 turns).

equalderp2856 the Chopper (Minotaur Fighter)        Turns: 4392, Time: 00:12:13

Health: -3/69      AC:  3    Str: 22    XL:     8   Next: 8%
Magic:  7/7        EV:  9    Int:  5    God:
Gold:   217        SH: 10    Dex: 11    Spells: 7/7 levels left

rFire    . . .     SeeInvis .   a - +0 war axe
rCold    . . .     Gourm    .   c - +0 shield
rNeg     . . .     Faith    .   b - +0 scale mail
rPois    .         Spirit   .   (helmet restricted)
rElec    .         Reflect  .   (no cloak)
rCorr    .         Harm     .   (no gloves)
MR       .....                  (no boots)
Stlth    ..........             (no amulet)
Regen    0.3/turn               (no ring)
MPRegen  0.1/turn               (no ring)

@: corroded
A: retaliatory headbutt, horns 2
a: no special abilities


You were on level 5 of the Dungeon.
You were hungry.

You visited 1 branch of the dungeon, and saw 6 of its levels.

You collected 217 gold pieces.

Inventory:

Hand Weapons
 a - a +0 war axe (weapon)
 m - a +2 antimagic spear
 t - a +0 short sword
 B - a +0 dagger of venom
Missiles
 s - 33 bolts
 u - 29 sling bullets
 v - 79 stones (quivered)
Armour
 b - a +0 scale mail (worn)
 c - a +0 shield (worn)
 q - a +0 plate armour
 C - a cursed -2 robe
Jewellery
 n - a cursed -2 ring of dexterity {unknown}
 p - an uncursed ring of wizardry {unknown}
Wands
 F - a wand of disintegration (16/24)
 I - a wand of disintegration (10/24)
Scrolls
 g - 4 scrolls of remove curse {unknown}
 i - 4 scrolls of identify {unknown}
 j - a scroll of enchant weapon {unknown}
 k - a scroll of amnesia {unknown}
 o - a scroll of immolation {unknown}
 y - a scroll of blinking {unknown}
 z - a scroll of random uselessness {unknown}
 D - a scroll of fear {unknown}
 G - a scroll of recharging {unknown}
Potions
 d - 3 potions of might
 e - 2 potions of curing
 h - a potion of lignification {unknown}
 l - 3 potions of mutation {unknown}
 w - a potion of degeneration {unknown}
 x - a potion of haste {unknown}
 A - a potion of cancellation {unknown}
 E - a potion of ambrosia {unknown}
Comestibles
 f - 5 bread rations
 r - 5 royal jellies
 H - a meat ration


   Skills:
 + Level 5.4 Fighting
 + Level 6.6 Axes
 + Level 6.4 Armour
 + Level 3.1 Dodging
 + Level 0.6 Stealth
 + Level 6.4 Shields


You had 7 spell levels left.
You didn't know any spells.

Dungeon Overview and Level Annotations

Branches:
Dungeon (6/15)
 Temple: D:4-7

Altars:
Sif Muna
Zin

Shops:
D:6 :[

Annotations:
D:6 1 runed door


Innate Abilities, Weirdness & Mutations

You reflexively headbutt those who attack you in melee.
You have a pair of horns on your head.


Message History

You kill the orc!
You hit something but do no damage. Something hits you. Something shocks you.
You closely miss something. Your headbutt misses something.
Your shield prevents you from hitting something.
Something hits you but does no damage. Something hits you.
Something shocks you.
* * * LOW HITPOINT WARNING * * *
Something hits you.
* * * LOW HITPOINT WARNING * * *
You barely miss something. You headbutt something. You miss something.
Something hits you.
* * * LOW HITPOINT WARNING * * *
Something shocks you.
* * * LOW HITPOINT WARNING * * *
Something hits you.
* * * LOW HITPOINT WARNING * * *
Something hits you.
* * * LOW HITPOINT WARNING * * *
Something shocks you.
You die...

....? .... ... ..< #5# #.#
###....#
#######.############.......
..<.....5{@)...... .....#.#
.######.########## #.....#
.......†# #..#..#
.######.##### #.....#
#.....##########.#..#
#####...............#
#######......#.##
#.######.## #.# #>..


You could see a crimson imp.

Vanquished Creatures
  An ice beast (D:6)
  A necrophage (D:6)
  2 black bears (D:6)
  An ogre (D:4)
  A scorpion (D:6)
  2 crimson imps (D:6)
  3 hounds (D:6)
  A jelly (D:5)
  2 orc priests (D:6)
  Jessica (D:3)
  2 orc wizards
  Natasha (twice) (D:4)
  2 worker ants
  5 gnolls
  3 adders
  A shadow imp (D:6)
  A worm (D:3)
  2 leopard geckos
  8 orcs
  A giant cockroach (D:2)
  10 goblins
  4 hobgoblins
  11 jackals
  2 quokkas (D:6)
  2 ball pythons
  5 bats
  3 frilled lizards
  6 kobolds
  11 rats
96 creatures vanquished.

Notes
Turn   | Place    | Note
-------+----------+-------------------------------------------
     0 | D:1      | equalderp2856 the Minotaur Fighter began the quest for the Orb.
     0 | D:1      | Reached XP level 1. HP: 19/19 MP: 0/0
   146 | D:1      | Reached XP level 2. HP: 27/27 MP: 1/1
   602 | D:1      | Reached XP level 3. HP: 33/33 MP: 2/2
  1150 | D:2      | Found a deep blue altar of Sif Muna.
  2040 | D:3      | Reached XP level 4. HP: 29/40 MP: 3/3
  2235 | D:3      | Noticed Jessica
  2257 | D:3      | Killed Jessica
  2461 | D:3      | Reached XP level 5. HP: 47/47 MP: 4/4
  2898 | D:4      | Noticed an ogre
  2901 | D:4      | Noticed Natasha
  2906 | D:4      | Killed an ogre
  2906 | D:4      | Reached skill level 5 in Axes
  2906 | D:4      | Reached skill level 1 in Dodging
  2915 | D:4      | Killed Natasha
  2915 | D:4      | Reached XP level 6. HP: 40/55 MP: 5/5
  2973 | D:4      | Noticed Natasha
  2984 | D:4      | Killed Natasha
  3013 | D:4      | You fall through a shaft for 2 floors!
  3013 | D:6      | Found a glowing silver altar of Zin.
  3013 | D:6      | Found a runed door.
  3013 | D:6      | Noticed an angel
  3418 | D:6      | Found Tuleik's Book Emporium.
  3431 | D:6      | Reached skill level 5 in Armour
  3431 | D:6      | Reached skill level 5 in Shields
  3432 | D:6      | Reached skill level 5 in Fighting
  3586 | D:6      | Reached XP level 7. HP: 51/61 MP: 6/6
  4058 | D:6      | Found Ykurghur's Antique Armour Boutique.
  4192 | D:6      | Reached XP level 8. HP: 34/69 MP: 7/7
  4351 | D:5      | Entered Level 5 of the Dungeon
  4392 | D:5      | HP: 3/69 [something (1)]
  4392 | D:5      | Slain by a sky beast

Skill      XL: |  1  2  3  4  5  6  7  8 |
---------------+-------------------------+-----
Fighting       | 4 5 |  5.4
Axes           | 3 4 5 6 |  6.6
Armour         | 4 5 6 |  6.4
Shields        | 4 5 6 |  6.4
Dodging        | 1 2 3 |  3.1
Stealth        | |  0.6

Action                   |  1- 3 |  4- 6 |  7- 9 || total
-------------------------+-------+-------+-------++-------
Melee: War axe           |   124 |   118 |    65 ||   307
       Headbutt          |    15 |    23 |    17 ||    55
  Use: Potion            |       |       |     1 ||     1
  Eat: Chunk             |     3 |     5 |     3 ||    11
Armor: Scale mail        |    63 |    53 |    29 ||   145
Dodge: Dodged            |    39 |    51 |    23 ||   113
Block: Shield            |    74 |    82 |    33 ||   189
